 Dungeon Crawl Stone Soup version 0.20-a0-864-g92acfd1 (webtiles) character file.

120 dvd the Grave Robber (level 4, -6/30 HPs)
             Began as a Demonspawn Necromancer on Mar 12, 2017.
             Killed by nerve-wracking pain
             ... invoked by Grinder
              (13 damage)
             ... on level 3 of the Dungeon.
             The game lasted 00:06:38 (2607 turns).

dvd the Grave Robber (Demonspawn Necromancer)       Turns: 2607, Time: 00:06:38

Health: -6/30      AC:  5    Str:  9    XL:     4   Next: 75%
Magic:  3/8        EV: 11    Int: 17    God:
Gold:   111        SH:  0    Dex: 13    Spells: 2/9 levels left

rFire    + . .     SeeInvis .   e - +0 short sword
rCold    . . .     Gourm    .   f - +0 ring mail
rNeg     . . .     Faith    .   (no shield)
rPois    .         Spirit   .   (no helmet)
rElec    .         Reflect  .   (no cloak)
rCorr    .         Harm     .   (no gloves)
MR       .....                  (no boots)
Stlth    +.........             (no amulet)
Regen    0.1/turn               n - ring of wizardry
MPRegen  0.2/turn               h - ring of protection from fire

@: very slightly contaminated
A: talons 1, sturdy frame 1
a: no special abilities


You were on level 3 of the Dungeon.
You were hungry.

You visited 1 branch of the dungeon, and saw 3 of its levels.

You collected 111 gold pieces.

Inventory:

Hand Weapons
 d - a +0 dagger
 e - a +0 short sword (weapon)
Armour
 a - a +0 robe
 f - a +0 ring mail (worn)
Jewellery
 h - a ring of protection from fire (left hand)
 n - a ring of wizardry (right hand)
Scrolls
 g - a scroll of enchant armour {unknown}
 i - a scroll of teleportation {unknown}
 j - a scroll of recharging {unknown}
 k - 3 scrolls of identify {unknown}
 l - a scroll of amnesia {unknown}
 o - a scroll of random uselessness {unknown}
 p - a scroll of blinking {unknown}
Books
 b - a book of Necromancy

   Spells                             Type                      Level
   a - Pain                           Necromancy                   1
   b - Animate Skeleton               Necromancy                   1
   c - Vampiric Draining              Necromancy                   3
   d - Regeneration                   Charms/Necromancy            3
   e - Animate Dead                   Necromancy                   4
   f - Control Undead                 Necromancy                   4
Comestibles
 c - 3 bread rations
 m - 4 chunks of flesh
 q - a meat ration


   Skills:
 + Level 0.2 Fighting
 + Level 1.0 Short Blades
 + Level 0.5 Armour
 + Level 2.0 Dodging
 + Level 1.8 Stealth
 + Level 3.0 Spellcasting
 + Level 5.5 Necromancy


You had 2 spell levels left.
You knew the following spells:

 Your Spells              Type           Power        Failure   Level  Hunger
a - Pain                  Necr           ###.         1%          1    None
b - Vampiric Draining     Necr           ###.......   4%          3    ###....
c - Regeneration          Chrm/Necr      ##........   12%         3    ###....


Dungeon Overview and Level Annotations

Branches:
Dungeon (3/15)

Altars:
Ashenzari
Trog

Annotations:
D:3 Grinder


Innate Abilities, Weirdness & Mutations

You have sharp toenails.
Your movements are slightly less encumbered by armour. (ER -2)


Message History

Grinder is lightly wounded.
Grinder hits you.
* * * LOW HITPOINT WARNING * * *
You writhe in agony.
* * * LOW HITPOINT WARNING * * *
Unknown command.
Casting: Regeneration
Confirm with . or Enter, or press ? or * to list all spells.
You miscast Regeneration.
You are very lightly contaminated with residual magic.
You hear strange and distant voices.
Grinder gestures at you. Pain shoots through your body!
* * * LOW HITPOINT WARNING * * *
Grinder gestures at you. You resist with significant effort.
Your skin stops crawling.
Grinder gestures at you. Pain shoots through your body!
You die...

.(...[....>†........#
..................###
..................#
..................#
..................#
.####.#...........####
..# #................#
#..# .......(........#
................@....#
######...............#
.......>5l.....#
...............#
..#....(..######
.........## .....#####
#.... #...


You could see Grinder and a frilled lizard.

Vanquished Creatures
  4 adders (D:2)
  An ooze (D:1)
  A worm (D:2)
  3 dart slugs
  6 leopard geckos
  3 ball pythons
  2 giant cockroaches
  7 goblins
  7 hobgoblins
  5 jackals
  4 kobolds
  2 quokkas (D:2)
  6 bats
  2 frilled lizards
  11 rats
64 creatures vanquished.

Notes
Turn   | Place    | Note
-------+----------+-------------------------------------------
     0 | D:1      | dvd the Demonspawn Necromancer began the quest for the Orb.
     0 | D:1      | Reached XP level 1. HP: 13/13 MP: 3/3
   129 | D:1      | Gained mutation: Your movements are slightly less encumbered by armour. (ER -2) [demonic ancestry]
   129 | D:1      | Reached XP level 2. HP: 16/19 MP: 3/5
   273 | D:1      | Reached skill level 5 in Necromancy
   579 | D:1      | Found a shattered altar of Ashenzari.
   837 | D:1      | Reached XP level 3. HP: 24/24 MP: 4/6
  1251 | D:1      | Learned a level 3 spell: Vampiric Draining
  1544 | D:2      | Reached skill level 1 in Short Blades
  1570 | D:2      | Gained mutation: You have sharp toenails. [demonic ancestry]
  1570 | D:2      | Reached XP level 4. HP: 22/30 MP: 0/7
  1635 | D:2      | Learned a level 3 spell: Regeneration
  2511 | D:3      | Found a bloodstained altar of Trog.
  2594 | D:3      | Noticed Grinder
  2594 | D:3      | Paralysed by Grinder for 2 turns
  2607 | D:3      | Killed from afar by Grinder

Vault maps used:
D:1:      dpeg_arrival_ternary, ashenzari_altar_1
D:3:      lightli_temple_of_fire, first_bread, lemuel_another_geyser,
          uniq_sigmund, uniq_grinder

Skill      XL: |  1  2  3  4 |
---------------+-------------+-----
Necromancy     | 5 |  5.5
Dodging        | 2 |  2.0
Short Blades   | 1 |  1.0
Spellcasting   | 3 |  3.0
Fighting       | |  0.2
Armour         | |  0.5
Stealth        | |  1.8

Action                   |  1- 3 |  4- 6 || total
-------------------------+-------+-------++-------
Melee: Short sword       |    55 |    34 ||    89
       Kick              |       |     7 ||     7
 Cast: Pain              |    42 |    34 ||    76
       Vampiric Draining |     2 |     2 ||     4
       Regeneration      |       |     1 ||     1
  Eat: Chunk             |     3 |     3 ||     6
Armor: Robe              |     2 |       ||     2
       Ring mail         |    51 |    13 ||    64
Dodge: Dodged            |    68 |    25 ||    93
